 Dungeon Crawl Stone Soup version 0.29-a0-409-gd843f3a48c (webtiles) character file.

Game seed: 17410781448387155000

3413 freelancePsychic the Archer (level 9, -3/81 HPs)
             Began as a Purple Draconian Hunter on May 14, 2022.
             Was a Priest of Fedhas.
             Slain by an orc warrior
             ... wielding a +0 halberd
              (9 damage)
             ... in a bailey.
             The game lasted 00:13:30 (7031 turns).

freelancePsychic the Archer (DrHu)                  Turns: 7031, Time: 00:13:30

Health: -3/81      AC:  9    Str: 12 (13) XL:     9   Next: 76%
Magic:  13/14      EV: 12    Int:  9 (11) God:    Fedhas [***...]
Gold:   375        SH:  5    Dex: 15 (18) Spells: 8/8 levels left

rFire   . . .      SeeInvis .   a - +1 shortbow (flame)
rCold   . . .      Faith    .   (shield currently unavailable)
rNeg    . . .      Spirit   .   (body armour unavailable)
rPois   .          Reflect  +   (helmet restricted)
rElec   .          Harm     .   k - +1 cloak
rCorr   .          Rampage  .   (no gloves)
Will    +....                   (no boots)
Stlth   ++........              s - amulet of reflection
HPRegen 0.23/turn               (no ring)
MPRegen 0.14/turn               (no ring)

@: short of breath
A: breathe power, AC +7, unfitting armour, cold-blooded
a: Breathe Dispelling Energy, Renounce Religion, Wall of Briars, Grow
Ballistomycete


You were in a bailey.
You worshipped Fedhas.
Fedhas was most pleased with you.
You visited 2 branches of the dungeon, and saw 8 of its levels.
You also visited: Ossuary and Bailey.

You collected 417 gold pieces.
You spent 42 gold pieces at shops.

Inventory:

Hand Weapons
 a - a +1 shortbow of flaming (weapon)
Armour
 k - a +1 cloak (worn)
Jewellery
 s - an amulet of reflection (around neck)
Wands
 o - a wand of iceblast (8)
Scrolls
 b - a scroll of immolation
 c - 2 scrolls of amnesia
 g - a scroll of noise
 h - 3 scrolls of fog
 i - 7 scrolls of teleportation {@r4}
 j - a scroll of enchant weapon
 l - a scroll of poison
 p - 2 scrolls of vulnerability
Potions
 e - a potion of lignification {unknown}
 f - 4 potions of degeneration
 m - 2 potions of haste {unknown}
 n - 3 potions of brilliance {unknown}
 q - a potion of attraction {unknown}
 r - a potion of flight {unknown}
 t - a potion of might
 u - a potion of cancellation {unknown}
 v - a potion of ambrosia {unknown}


   Skills:
 + Level 8.1 Fighting
 * Level 10.0 Bows
 - Level 1.7 Dodging
 - Level 0.8 Stealth
 + Level 6.9 Invocations


You had 8 spell levels left.
You didn't know any spells.
Your spell library contained the following spells:

 Spells                   Type           Power      Damage    Failure   Level
 Slow                     Hex            0%         N/A       38%         1
 Confusing Touch          Hex            0%         N/A       77%         3
 Vampiric Draining        Necr           0%         2d6       77%         3


Dungeon Overview and Level Annotations

Branches:
Dungeon (7/15)             Temple (1/1) D:4         Ossuary (visited)
 Bailey (1/1)

Altars:
Cheibriados
Dithmenos
Elyvilon
Fedhas
Gozag
Hepliaklqana
Kikubaaqudgha
Makhleb
Nemelex Xobeh
Okawaru
Qazlal
Ru
Sif Muna
Trog
Uskayaw
Vehumet
Wu Jian
Xom
Zin
The Shining One

Shops:
D:5 ?


Innate Abilities, Weirdness & Mutations

You can breathe bolts of dispelling energy.
Your rich purple scales are hard. (AC +7)
You cannot fit into any form of body armour.
You are cold-blooded and may be slowed by cold attacks.


Message History

You shoot an arrow. Fedhas protects your plant from harm.
The arrow hits the orc warrior.
The arrow burns the orc warrior.
The orc warrior is severely wounded.
The orc warrior barely misses you.
The orc warrior hits you from afar with a +0 halberd!
Aiming: Iceblast
Press: ? - help, Shift-Dir - straight line, f - briar patch, p - orc warrior
Aim: a briar patch (summoned, friendly) Fedhas protects your plant from harm.
The mass of ice explodes!
Fedhas protects your plant from harm.
The iceblast engulfs the orc warrior!
You kill the orc warrior!
Fedhas appreciates your contribution to the ecosystem.
The iceblast engulfs the orc warrior.
The orc warrior is heavily wounded.
Fedhas protects your plant from harm. x2
The orc warrior hits you from afar with a +0 halberd!
* * * LOW HITPOINT WARNING * * *
Your Bows skill increases to level 10!
The orc warrior hits you from afar with a +0 halberd.
* * * LOW HITPOINT WARNING * * *
It was a potion of degeneration.
There was something very wrong with that liquid.
You feel weakened.
You feel dopey.
You feel clumsy.
The orc warrior hits you from afar with a +0 halberd!
* * * LOW HITPOINT WARNING * * *
Okay, then.
Aiming: Breathe Dispelling Energy (4% risk of failure)
Press: ? - help, Shift-Dir - straight line, f - orc warrior, p - briar patch
Aim: an orc warrior, wielding a +0 halberd and wearing a +0 crystal plate armour (heavily wounded, ally target, 53% to hit)
You breathe a bolt of dispelling energy.
The bolt of dispelling energy misses the orc warrior.
The orc warrior hits you from afar with a +0 halberd!
* * * LOW HITPOINT WARNING * * *
You cannot walk through the dense trees.
The orc warrior hits you from afar with a +0 halberd!
You die...
Fedhas appreciates your contribution to the ecosystem.

#### #######
#..♣♣♣≈≈≈≈≈♣♣
....♣♣≈≈≈≈≈.♣#
##..♣≈≈≈≈≈...#
#..♣≈≈≈≈..♣.##
#...≈≈≈≈.....###
##.♣.≈≈≈≈..♣....♣♣♣
#....≈≈≈≈.......@.♣♣
#...######)........♣
#.).........)...oPP♣
o.)..).....).).)P.P♣
'..............))PP♣
#...............∩..♣
#...######.........♣
#....≈≈≈≈..♣......♣♣
##...≈≈≈≈..♣♣...♣♣♣


You could see an orc warrior (ally target).

Vanquished Creatures
  An orc knight (Bailey)
  Menkaure (Ossuary)
  A water moccasin (D:5)
  7 orc warriors
  An ice beast (D:6)
  6 ogres
  Blork the orc (D:5)
  2 kobold brigands (D:6)
  2 bullfrogs (D:7)
  4 scorpions
  2 jellies
  2 orc priests (D:5)
  3 hounds
  An iron imp (D:5)
  A gnoll shaman (D:4)
  An iguana (D:5)
  3 mummies (Ossuary)
  16 adders
  6 gnolls
  A shadow imp (D:5)
  4 ufetubi
  2 worms
  16 orcs
  5 ball pythons
  4 bats
  7 endoplasms
  15 goblins
  4 hobgoblins
  10 jackals
  16 kobolds
  3 quokkas
  4 frilled lizards
  A gnoll skeleton (Ossuary)
  2 gnoll zombies (Ossuary)
  6 goblin skeletons (Ossuary)
  9 goblin zombies (Ossuary)
  4 hobgoblin skeletons (Ossuary)
  4 hobgoblin zombies (Ossuary)
  4 kobold skeletons (Ossuary)
  2 kobold zombies (Ossuary)
  8 orc skeletons (Ossuary)
  2 orc zombies (Ossuary)
  6 rats
  2 rat skeletons (Ossuary)
  6 rat zombies (Ossuary)
208 creatures vanquished.

Vanquished Creatures (collateral kills)
  An orc warrior (Bailey)
  A necrophage (D:5)
  A scorpion (D:5)
  2 orcs (Bailey)
  A hobgoblin (D:4)
6 creatures vanquished.

Grand Total: 214 creatures vanquished

Notes
Turn   | Place    | Note
-------+----------+-------------------------------------------
     0 | D:1      | freelancePsychic the Draconian Hunter began the quest for
                  | the Orb.
     0 | D:1      | Reached XP level 1. HP: 17/17 MP: 1/1
   155 | D:1      | Reached XP level 2. HP: 25/25 MP: 2/2
   166 | D:1      | Reached skill level 4 in Bows
   664 | D:2      | Reached XP level 3. HP: 26/30 MP: 3/3
  1188 | D:2      | Reached XP level 4. HP: 38/38 MP: 4/4
  1341 | D:2      | Found a faded altar of an unknown god.
  1350 | D:2      | Reached skill level 5 in Bows
  1823 | D:3      | Reached XP level 5. HP: 46/46 MP: 5/5
  1927 | D:3      | Noticed a +0 short sword
  1928 | D:3      | Noticed a +0 falchion
  1928 | D:3      | Noticed a +0 spear
  1929 | D:3      | Noticed a +0 short sword
  1929 | D:3      | Noticed a +0 dagger
  1930 | D:3      | Noticed a +0 spear
  1930 | D:3      | Noticed a +0 falchion
  1930 | D:3      | Noticed a +0 dagger
  1936 | D:3      | Found a hide-covered altar of Uskayaw.
  2131 | D:3      | Found an ancient bone altar of Kikubaaqudgha.
  2243 | D:4      | Found an opulent altar of Gozag.
  2302 | D:4      | Found a shimmering altar of Xom.
  2303 | D:4      | Found a staircase to the Ecumenical Temple.
  2314 | Temple   | Entered the Ecumenical Temple
  2346 | Temple   | Became a worshipper of Fedhas Madash
  2364 | D:4      | Found a sand-covered staircase.
  2374 | Ossuary  | Entered an ossuary
  2521 | Ossuary  | Reached * piety under Fedhas
  2814 | Ossuary  | Noticed Menkaure
  2817 | Ossuary  | Reached ** piety under Fedhas
  2817 | Ossuary  | Killed Menkaure
  2818 | Ossuary  | Reached skill level 6 in Bows
  2818 | Ossuary  | Reached skill level 1 in Invocations
  2818 | Ossuary  | Reached XP level 6. HP: 53/53 MP: 5/7
  2982 | D:4      | Your scales start taking on a rich purple colour.
  2982 | D:4      | Reached XP level 7. HP: 51/60 MP: 5/8
  3062 | D:4      | Reached skill level 5 in Fighting
  3149 | D:4      | Found a shimmering blue altar of Sif Muna.
  3487 | D:5      | Entered Level 5 of the Dungeon
  3555 | D:5      | Found Juoppuanu's Magic Scroll Emporium.
  3564 | D:5      | Bought a scroll of fear for 42 gold pieces
  3593 | D:5      | Reached skill level 7 in Bows
  3936 | D:5      | Reached XP level 8. HP: 49/70 MP: 9/11
  4284 | D:5      | Reached skill level 8 in Bows
  4294 | D:5      | Found a sparkling altar of Nemelex Xobeh.
  4320 | D:5      | Noticed Blork the orc
  4327 | D:5      | Killed Blork the orc
  4907 | D:5      | Found a snail-covered altar of Cheibriados.
  5050 | D:6      | Reached skill level 5 in Invocations
  5101 | D:6      | Reached *** piety under Fedhas
  5657 | D:6      | Reached XP level 9. HP: 62/78 MP: 13/13
  6028 | D:6      | Found a bloodstained altar of Trog.
  6424 | D:7      | Found a burning altar of Makhleb.
  6427 | D:7      | Found a glowing silver altar of Zin.
  6428 | D:7      | Noticed an Executioner
  6428 | D:7      | Noticed an angel
  6466 | D:7      | Reached skill level 9 in Bows
  6518 | D:7      | Found a flagged portal.
  6532 | Bailey   | Entered a bailey
  6738 | Bailey   | Noticed an orc knight
  6749 | Bailey   | Killed an orc knight
  7026 | Bailey   | Reached skill level 10 in Bows
  7031 | Bailey   | Slain by an orc warrior

Illustrated notes

Levels and vault maps discovered:
D:1:      evilmike_arrival_plus, layout_basic
D:2:      minmay_skewed_foursquare, layout_loops_ring,
          chequers_ecumenical_altar_simple, chequers_garden
D:3:      layout_rooms, nicolae_uskayaw_en_pointe, kiku_gazebo_pond_becter
D:4:      layout_gridville, grunt_gozag_breadcrumbs, brannock_xom_greatest_gift,
          led_sif_pool, minmay_temple_entry_statues_pillars,
          nicolae_ossuary_entry_ruins
D:5:      nicolae_cairo_tiling, layout_basic, overflow_temple_1_default,
          slow_altar_2, serial_shops, nicolae_shop_stone,
          hangedman_abyss_or_decor_passed, minmay_stone_trees_medium,
          minmay_misc_feat_enclosed, uniq_blork_the_orc
D:6:      layout_layer_cave, lemuel_coloured_pillars_altar
D:7:      layout_basic, grunt_temple_overflow_order_and_chaos_2, enter_bailey_4
Temple:   eino_temple_lava
Bailey:   bailey_polearm_elven_captive_hellmonk, bailey

Skill      XL: |  1  2  3  4  5  6  7  8  9 |
---------------+----------------------------+-----
Bows           | 4 5 6 7 8 10 | 10.0
Fighting       | 3 4 5 6 8 |  8.1
Invocations    | 1 2 4 5 6 |  6.9
Dodging        | |  1.7
Stealth        | |  0.8

Action                   |  1- 3 |  4- 6 |  7- 9 || total
-------------------------+-------+-------+-------++-------
Melee: Unarmed           |     1 |       |       ||     1
 Fire: Shortbow          |    89 |   221 |   336 ||   646
Invok: Wall of Briars    |       |     1 |     7 ||     8
 Abil: Breathe Dispellin |       |       |     7 ||     7
Evoke: Wand              |       |       |     2 ||     2
  Use: Potion            |     1 |       |     2 ||     3
       Scroll            |     1 |    10 |     3 ||    14
Armor: Skin              |    15 |     8 |    61 ||    84
Dodge: Dodged            |    23 |    30 |   107 ||   160
Block: Other             |       |       |    21 ||    21

Table legend: (Time is in decaauts)
 A = Elapsed time spent in this place.
 B = Non-inter-level travel time spent in this place.
 C = Inter-level travel time spent in this place.
 D = Time resting spent in this place.
 E = Time spent auto-exploring this place.
 F = Levels seen in this place.
 G = Mean time per level.
                   A        B        C        D        E       F      G
               +--------+--------+--------+--------+--------+-----+--------+
         Total |   7147 |   7067 |     80 |    291 |   5272 |  10 |  714.7 |
       Dungeon |   6086 |   6013 |     73 |    204 |   4659 |   7 |  869.4 |
        Temple |     40 |     33 |      7 |      0 |      0 |   1 |   40.0 |
       Ossuary |    518 |    518 |      0 |     87 |    253 |   1 |  518.0 |
        Bailey |    501 |    501 |      0 |      0 |    360 |   1 |  501.0 |
               +--------+--------+--------+--------+--------+-----+--------+

Top non-repeatable levels by time:
     D:5: 1335 daAuts
     D:6: 1329 daAuts
     D:2: 1104 daAuts
     D:4: 925 daAuts
     D:1: 646 daAuts
     D:3: 523 daAuts
 Ossuary: 518 daAuts
  Bailey: 501 daAuts
     D:7: 221 daAuts
  Temple: 40 daAuts
